 Dungeon Crawl Stone Soup version 0.28-a0-1159-g27aa881441 (webtiles) character file.

Game seed: 4663188737570540243

18006 mandarbmax the Brawler (level 12, -8/124 HPs)
             Began as a Troll Cinder Acolyte on Dec 15, 2021.
             Was a Believer of Ignis.
             Killed from afar by Jorgrun (44 damage)
             ... with an iron shot
             ... on level 1 of the Orcish Mines on Dec 16, 2021.
             The game lasted 00:30:01 (11427 turns).

mandarbmax the Brawler (Troll Cinder Acolyte)      Turns: 11427, Time: 00:30:01

Health: -8/124     AC: 18    Str: 31    XL:     12   Next: 23%
Magic:  12/12      EV:  5    Int: 16    God:    Ignis [**....]
Gold:   443        SH:  8    Dex:  5    Spells: 13/13 levels left

rFire   + + .      SeeInvis .     - Unarmed
rCold   . . .      Faith    .   v - +0 kite shield
rNeg    . . .      Spirit   .   r - +0 troll leather armour
rPois   .          Reflect  .   H - +2 hat {Stlth+}
rElec   .          Harm     .   s - +2 cloak
rCorr   .          Rampage  .   (gloves unavailable)
Will    .....                   (boots unavailable)
Stlth   ++........              x - amulet of magic regeneration
HPRegen 1.90/turn               f - +6 ring of strength
MPRegen 0.53/turn               I - ring of protection from fire

@: grasped by roots, fiery-armoured, constricted
A: large, unfitting armour, claws 3, regeneration 1, shaggy fur 1, tough skin 1,
clever 1, wild magic 1
a: Renounce Religion, Fiery Armour, Foxfire Swarm, Rising Flame


You were on level 1 of the Orcish Mines.
You worshipped Ignis.
Ignis was pleased with you.
You visited 3 branches of the dungeon, and saw 13 of its levels.

You collected 885 gold pieces.
You spent 442 gold pieces at shops.

Inventory:

Missiles
 a - a boomerang of dispersal
 b - 55 poisoned darts (quivered)
 o - 9 boomerangs
 q - 3 throwing nets
 w - 9 large rocks
 K - 5 curare-tipped darts
Armour
 r - a +0 troll leather armour (worn)
 s - a +2 cloak (worn)
 t - a +1 robe of willpower
 v - a +0 kite shield (worn)
 H - a +2 hat of stealth (worn)
Jewellery
 f - a +6 ring of strength (left claw)
 x - an amulet of magic regeneration (around neck)
 I - a ring of protection from fire (right claw)
Wands
 g - a wand of digging (7)
 j - a wand of polymorph (1)
 y - a wand of flame (20)
 A - a wand of iceblast (14)
 E - a wand of charming (1)
Scrolls
 c - 2 scrolls of fear
 d - a scroll of teleportation
 h - a scroll of brand weapon {unknown}
 i - a scroll of holy word
 k - 2 scrolls of fog
 n - 3 scrolls of enchant weapon
 u - 3 scrolls of magic mapping
 B - a scroll of immolation {unknown}
 J - a scroll of amnesia
Potions
 e - a potion of lignification
 l - a potion of haste
 m - 2 potions of attraction
 p - 3 potions of mutation
 z - a potion of brilliance
 C - 2 potions of curing
 D - 2 potions of heal wounds
 G - a potion of cancellation


   Skills:
 + Level 9.5 Fighting
 + Level 0.9 Throwing
 + Level 6.4 Shields
 * Level 15.4 Unarmed Combat
 - Level 1.0 Spellcasting
 - Level 2.1 Fire Magic


You had 13 spell levels left.
You didn't know any spells.
Your spell library contained the following spells:

 Spells                   Type           Power      Damage    Failure   Level
 Scorch                   Fire           20%        2d6       34%         2
 Animate Skeleton         Necr           2%         N/A       50%         1
 Pain                     Necr           4%         1d4       50%         1
 Summon Small Mammal      Summ           4%         N/A       50%         1
 Call Canine Familiar     Summ           1%         N/A       85%         3
 Summon Guardian Golem    Hex/Summ       1%         N/A       85%         3
 Vampiric Draining        Necr           1%         2d6       85%         3
 Alistair's Intoxication  Tmut/Pois      0%         N/A       100%        5
 Borgnjor's Vile Clutch   Necr/Erth      0%         N/A       100%        5
 Eringya's Noxious Bog    Tmut/Pois      0%         N/A       100%        6


Dungeon Overview and Level Annotations

Branches:
Dungeon (11/15)            Temple (1/1) D:5            Lair (0/6) D:10
    Orc (1/2) D:11

Altars:
Ashenzari
Cheibriados
Dithmenos
Elyvilon
Fedhas
Gozag
Hepliaklqana
Kikubaaqudgha
Makhleb
Nemelex Xobeh
Okawaru
Qazlal
Ru
Sif Muna
Trog
Uskayaw
Vehumet
Wu Jian
Xom
Yredelemnul
Zin
The Shining One

Shops:
D:2 :   D:3 !   D:8 [   D:11 :

Annotations:
D:11 3 runed translucent doors, SensoryNuts's ghost, journeyman DsFi; Thraspic's ghost, journeyman MiBe
Orc:1 Jorgrun


Innate Abilities, Weirdness & Mutations

You are too large for most types of armour.
You have claws for hands.
Your natural rate of healing is unusually fast.
You are covered in fur. (AC +1)
You have tough skin. (AC +1)
Your mind is acute. (Int +2)
Your spells are a little harder to cast, but a little more powerful.


Message History

You barely miss Jorgrun.
Jorgrun is moderately wounded.
You block the orc warrior's attack.
Unknown command.
Unknown command.
Unknown command.
Your shield prevents you from hitting Jorgrun.
Jorgrun is moderately wounded.
Jorgrun looks more healthy.
Jorgrun casts a spell at you.
You struggle to resist.
The grasping roots constrict you!
The orc warrior hits you but does no damage.
The orc completely misses you.
Unknown command.
You eviscerate Jorgrun!!!
Jorgrun is heavily wounded.
You hear a shout!
Jorgrun hits you but does no damage.
Jorgrun is burned by your cloak of flames.
Jorgrun is severely wounded.
The grasping roots constrict you!
An orc comes into view. It is wielding a +0 whip.
You block the orc warrior's attack.
Unknown command.
Unknown command.
You mangle Jorgrun!!
Jorgrun is severely wounded.
You hear a shout!
Jorgrun points at you and mumbles some strange words.
You block the iron shot. The grasping roots constrict you.
* * * LOW HITPOINT WARNING * * *
An ogre comes into view. It is wielding a +0 giant spiked club.
The orc warrior hits you but does no damage.
Unknown command.
You scratch Jorgrun.
Jorgrun is almost dead.
You block the orc's attack. x2
Jorgrun casts a spell at you. The iron shot hits you!!!
You die...

.##....... ..
#...(o(#. #.
..((...O . #.(.....#
# ##.(.(.#. ##
..(.o.. .# #.og# .##
#########.o@## ..#
##.#..#.###.).#
.####.........##)##
.#.##..)).#.#(.).#
........#.(..(#..#
......)..#.......##
....#.)..#(..(#.#.##
...........#.(.....#
..........#........#


You could see Jorgrun, an orc warrior, an ogre and 3 orcs.

Vanquished Creatures
  Gastronok (D:11)
  An orc warlord (D:11)
  A boulder beetle (Orc:1)
  Harold (D:7)
  Erica (D:9)
  3 two-headed ogres
  2 cyclopes
  3 trolls
  A blink frog (Orc:1)
  A shadow (D:10)
  A vampire (D:9)
  Sigmund (D:6)
  14 yaks
  A wyvern (D:9)
  2 wraiths
  4 vampire mosquitoes (D:11)
  A naga (D:11)
  6 wargs
  An acid dragon (D:11)
  Edmund (D:5)
  2 water moccasins
  A swamp drake (D:11)
  14 orc warriors
  A black bear (D:10)
  An ice beast (D:8)
  2 sky beasts
  A hornet zombie (D:6)
  8 ogres
  6 centaurs
  A phantom (D:5)
  3 kobold brigands
  A scorpion (D:10)
  2 bullfrogs
  2 gnoll sergeants
  17 killer bees
  5 wights (D:9)
  4 howler monkeys
  A bullfrog zombie (D:6)
  A centaur zombie (D:7)
  3 centaur skeletons
  4 jellies
  17 orc priests
  2 hounds (D:5)
  A gnoll shaman (D:9)
  4 iguanas
  Terence (D:2)
  14 orc wizards
  A killer bee zombie (D:7)
  A hound zombie (D:5)
  A hound skeleton (D:5)
  A howler monkey zombie (D:9)
  11 gnolls
  2 adders
  2 white imps
  2 ufetubi
  A worm (D:2)
  2 dart slugs
  57 orcs
  7 endoplasms
  3 giant cockroaches
  4 goblins
  3 hobgoblins
  6 jackals
  2 quokkas
  6 ball pythons
  3 bats
  A frilled lizard (D:1)
  16 kobolds
  10 rats
308 creatures vanquished.

Vanquished Creatures (others)
  45 foxfires
  7 fungi (D:10)
  19 plants
71 creatures vanquished.

Grand Total: 379 creatures vanquished

Notes
Turn   | Place    | Note
-------+----------+-------------------------------------------
     0 | D:1      | mandarbmax the Troll Cinder Acolyte began the quest for the
                  | Orb.
     0 | D:1      | Reached XP level 1. HP: 22/22 MP: 1/1
   125 | D:1      | Reached XP level 2. HP: 29/29 MP: 2/2
   440 | D:1      | Noticed a great orb of eyes
   442 | D:1      | Found a faded altar of an unknown god.
   446 | D:1      | Noticed a floating eye
   446 | D:1      | Noticed an eye of devastation
   446 | D:1      | Noticed a golden eye
   615 | D:2      | You fall into a shaft and drop 2 floors!
   636 | D:4      | Reached XP level 3. HP: 36/36 MP: 3/3
   684 | D:4      | Found a stormy altar of Qazlal.
   706 | D:4      | Reached skill level 4 in Unarmed Combat
  1099 | D:2      | Found Busafeg's Book Shop.
  1130 | D:2      | Noticed Terence
  1144 | D:2      | Killed Terence
  1145 | D:2      | Reached XP level 4. HP: 18/45 MP: 4/4
  1483 | D:3      | Reached skill level 5 in Unarmed Combat
  1483 | D:3      | Reached XP level 5. HP: 42/53 MP: 5/5
  1908 | D:3      | Found Jeehag's Distillery.
  1912 | D:3      | Bought a potion of haste for 130 gold pieces
  2260 | D:5      | Entered Level 5 of the Dungeon
  2295 | D:5      | Noticed an ogre
  2374 | D:5      | Noticed an ogre
  2379 | D:5      | Reached XP level 6. HP: 57/62 MP: 6/6
  2388 | D:5      | Reached skill level 6 in Unarmed Combat
  2409 | D:5      | Found a basalt altar of Yredelemnul.
  2520 | D:5      | Reached XP level 7. HP: 61/70 MP: 7/7
  2649 | D:5      | Reached skill level 7 in Unarmed Combat
  2694 | D:5      | Found a staircase to the Ecumenical Temple.
  2820 | Temple   | Entered the Ecumenical Temple
  3053 | D:5      | Found a snail-covered altar of Cheibriados.
  3394 | D:5      | Noticed Edmund
  3404 | D:5      | Killed Edmund
  3684 | D:6      | Reached skill level 5 in Fighting
  3684 | D:6      | Reached skill level 8 in Unarmed Combat
  3687 | D:6      | Reached XP level 8. HP: 65/80 MP: 8/8
  3919 | D:6      | Reached skill level 9 in Unarmed Combat
  3999 | D:6      | Noticed Sigmund
  4004 | D:6      | Killed Sigmund
  4256 | D:6      | Reached skill level 10 in Unarmed Combat
  4444 | D:7      | Reached XP level 9. HP: 88/89 MP: 9/9
  4491 | D:7      | Learned a level 1 spell: Animate Skeleton
  4689 | D:3      | Bought a potion of heal wounds for 65 gold pieces
  4689 | D:3      | Bought a potion of might for 52 gold pieces
  4689 | D:3      | Bought a potion of flight for 39 gold pieces
  4967 | D:7      | Noticed Harold
  4992 | D:7      | Killed Harold
  4993 | D:7      | Reached skill level 11 in Unarmed Combat
  5523 | D:7      | Reached skill level 1 in Shields
  5533 | D:7      | Noticed a cyclops
  5546 | D:7      | Gained mutation: Your mind is acute. (Int +2) [potion of
                  | mutation]
  5546 | D:7      | Gained mutation: Your spells are a little harder to cast,
                  | but a little more powerful. [potion of mutation]
  5550 | D:7      | Killed a cyclops
  5938 | D:8      | Found Tolic's Armour Shop.
  5956 | D:8      | Found an ornate altar of the Wu Jian Council.
  6022 | D:8      | Reached XP level 10. HP: 99/102 MP: 10/10
  6033 | D:8      | Reached skill level 12 in Unarmed Combat
  6820 | D:9      | Noticed Erica
  6838 | D:9      | Killed Erica
  6842 | D:9      | HP: 5/102 [orc warrior (8)]
  7536 | D:9      | Reached skill level 13 in Unarmed Combat
  8072 | D:3      | Bought a potion of might for 52 gold pieces
  8072 | D:3      | Bought a potion of cancellation for 104 gold pieces
  8188 | D:10     | Entered Level 10 of the Dungeon
  8195 | D:10     | Found a shimmering blue altar of Sif Muna.
  8224 | D:10     | Noticed a two-headed ogre
  8270 | D:10     | Killed a two-headed ogre
  8460 | D:10     | Found a blossoming altar of Fedhas.
  8564 | D:10     | Reached XP level 11. HP: 111/111 MP: 11/11
  8610 | D:10     | Noticed a two-headed ogre
  8623 | D:10     | Killed a two-headed ogre
  8955 | D:10     | Found a staircase to the Lair.
  9100 | D:11     | Noticed Gastronok
  9125 | D:11     | Killed Gastronok
  9126 | D:11     | Reached skill level 5 in Shields
  9126 | D:11     | Reached skill level 14 in Unarmed Combat
  9194 | D:11     | Found Veiluce's Self-Improvement Boutique.
  9386 | D:11     | Found a staircase to the Orcish Mines.
  9530 | D:11     | Noticed Sonja
  9535 | D:11     | Noticed Sonja
  9535 | D:11     | Sonja changed into Sonja the naga
  9540 | D:11     | Killed Sonja the naga
  9568 | D:11     | Noticed a two-headed ogre
  9579 | D:11     | Killed a two-headed ogre
  9972 | D:11     | Found a runed translucent gate.
  9972 | D:11     | Found a runed translucent gate.
  9972 | D:11     | Found a runed translucent gate.
  9974 | D:11     | Noticed Thraspic's ghost (journeyman MiBe)
  9975 | D:11     | Noticed SensoryNuts's ghost (journeyman DsFi)
 10539 | Orc:1    | Entered Level 1 of the Orcish Mines
 10580 | Orc:1    | Noticed an orc warlord
 10588 | D:11     | Reached skill level 15 in Unarmed Combat
 10902 | D:11     | Killed an orc warlord
 10903 | D:11     | Reached XP level 12. HP: 113/124 MP: 12/12
 11131 | Orc:1    | Noticed a boulder beetle
 11149 | Orc:1    | Killed a boulder beetle
 11409 | Orc:1    | Noticed Jorgrun
 11427 | Orc:1    | Killed from afar by Jorgrun

Illustrated notes

Levels and vault maps discovered:
D:1:      lightli_arrival_maybe_door_vault, layout_rooms,
          hellmonk_ecumenical_altar_watching_god, nrook_mini_backslash,
          corexii_item_surrounded_by_moat, hangedman_decor_points
D:2:      layout_loops_ring, serial_shops, shop, grunt_ministairs_15,
          uniq_terence
D:3:      layout_loops_ring, serial_shops, nicolae_shop_trees, nrook_campfire,
          chequers_decorated_corner
D:4:      layout_rooms, mainiacjoe_overflow_24_doors
D:5:      layout_basic, mainiacjoe_overflow_chevrons, kennysheep_mini_moat,
          minmay_temple_entry_glassed_door, roderic_roman_lattice,
          hangedman_decor_growths, uniq_edmund
D:6:      layout_basic, uniq_sigmund
D:7:      layout_loops_corners, uniq_harold
D:8:      layout_loops_corners, nicolae_wu_jian_wuxing_cycle, serial_shops,
          shop, minmay_circle_x
D:9:      layout_loops_ring, uniq_erica
D:10:     layout_basic, kennysheep_mini, nicolae_sif_muna_condensation,
          grunt_lair_entry_orc_guard_hut
D:11:     layout_irregular_city, erik_orc_1, gammafunk_ghost_cemetery,
          nicolae_shop_self_help, uniq_gastronok, uniq_sonja
Temple:   eino_temple_scatter_basement
Orc:1:    layout_caves, rock_pile, uniq_jorgrun

Skill      XL: |  1  2  3  4  5  6  7  8  9 10 11 |
---------------+----------------------------------+-----
Unarmed Combat | 4 5 6 8 10 11 13 15 | 15.4
Fighting       | 3 4 5 6 7 8 9 |  9.5
Shields        | 2 4 6 |  6.4
Throwing       | |  0.9
Spellcasting   | |  1.0
Fire Magic     | |  2.1

Action                   |  1- 3 |  4- 6 |  7- 9 | 10-12 || total
-------------------------+-------+-------+-------+-------++-------
Melee: Unarmed           |   128 |    95 |   203 |   504 ||   930
       Punch             |       |       |     8 |     6 ||    14
Throw: Dart              |       |     8 |    16 |   161 ||   185
       Boomerang         |       |     5 |     9 |       ||    14
       Large rock        |       |       |       |     8 ||     8
Invok: Fiery Armour      |       |       |     3 |     1 ||     4
       Foxfire Swarm     |       |       |     2 |       ||     2
Evoke: Wand              |       |       |       |     4 ||     4
  Use: Scroll            |     5 |       |     8 |     6 ||    19
       Potion            |     1 |       |     6 |     4 ||    11
Armor: Robe              |    52 |    14 |    64 |   118 ||   248
       Troll leather arm |       |       |       |    32 ||    32
Dodge: Dodged            |    69 |    36 |    86 |   154 ||   345
Block: Kite shield       |       |       |       |    83 ||    83

Table legend: (Time is in decaauts)
 A = Elapsed time spent in this place.
 B = Non-inter-level travel time spent in this place.
 C = Inter-level travel time spent in this place.
 D = Time resting spent in this place.
 E = Time spent auto-exploring this place.
 F = Levels seen in this place.
 G = Mean time per level.
                   A        B        C        D        E       F      G
               +--------+--------+--------+--------+--------+-----+--------+
         Total |  11353 |  10159 |   1194 |    322 |   7593 |  13 |  873.3 |
       Dungeon |  10631 |   9458 |   1173 |    322 |   7115 |  11 |  966.5 |
        Temple |    209 |    191 |     18 |      0 |    176 |   1 |  209.0 |
  Orcish Mines |    512 |    511 |      1 |      0 |    302 |   1 |  512.0 |
               +--------+--------+--------+--------+--------+-----+--------+

Top non-repeatable levels by time:
    D:11: 1855 daAuts
     D:7: 1215 daAuts
     D:8: 1142 daAuts
     D:5: 1097 daAuts
     D:9: 1017 daAuts
     D:6: 868 daAuts
    D:10: 854 daAuts
     D:3: 850 daAuts
     D:1: 664 daAuts
     D:2: 596 daAuts
   Orc:1: 512 daAuts
     D:4: 469 daAuts
  Temple: 209 daAuts
